IL
GWINNETT BRAVES @ ALBUQUERQUE ISOTOPES
09/04/2047
 
TOP OF THE 1ST
Gwinnett Braves batting - Pitching for Albuquerque Isotopes : RHP Jason Decker
Pitching: RHP Jason Decker
Batting: LHB Robby Dann 0-0: Called Strike
0-1: Ground out 4-3 (Groundball, 4, EV 83.1 MPH)
Batting: RHB Neal Tinoco 0-0: Ball
1-0: Ball
2-0: Called Strike
2-1: Swinging Strike
2-2: Fly out, F9 (Line Drive, 9, EV 98.1 MPH)
Batting: LHB Mark Buchholz 0-0: Ground out 4-3 (Groundball, 4, EV 86.9 MPH)
Top of the 1st over - 0 runs, 0 hits, 0 errors, 0 left on base; Gwinnett 0 - Albuquerque 0
BOTTOM OF THE 1ST
Albuquerque Isotopes batting - Pitching for Gwinnett Braves : RHP Ryan Casey
Pitching: RHP Ryan Casey
Batting: RHB Nick Cummings 0-0: Called Strike
0-1: Swinging Strike
0-2: Foul Ball, location: 2F
0-2: Ground out 5-3 (Groundball, 56S, EV 68.1 MPH)
Batting: LHB Gabe Harvey 0-0: Ball
1-0: Foul Ball, location: 2F
1-1: Ball
2-1: Ball
3-1: Swinging Strike
3-2: Foul Ball, location: 2F
3-2: Fly out, F8 (Flyball, 8RM, EV 96.9 MPH)
Batting: LHB Alfredo de la Cruz 0-0: Called Strike
0-1: Swinging Strike
0-2: Ball
1-2: Ball
2-2: Strikes out swinging
Bottom of the 1st over - 0 runs, 0 hits, 0 errors, 0 left on base; Gwinnett 0 - Albuquerque 0
TOP OF THE 2ND
Gwinnett Braves batting - Pitching for Albuquerque Isotopes : RHP Jason Decker
Batting: RHB Jose Ramos 0-0: Foul Ball, location: 2F
0-1: Fly out, F3 (Popup, 3S, EV 66.9 MPH)
Batting: RHB Hieronim Rutkowski 0-0: Ball
1-0: Called Strike
1-1: Called Strike
1-2: Ball
2-2: Fly out, F6 (Popup, 6M, EV 59.4 MPH)
Batting: RHB John Peterson 0-0: Foul Ball, location: 2F
0-1: Ball
1-1: Foul Ball, location: 2F
1-2: Foul Ball, location: 2F
1-2: Strikes out looking
Top of the 2nd over - 0 runs, 0 hits, 0 errors, 0 left on base; Gwinnett 0 - Albuquerque 0
BOTTOM OF THE 2ND
Albuquerque Isotopes batting - Pitching for Gwinnett Braves : RHP Ryan Casey
Batting: LHB Chad Persaud 0-0: Called Strike
0-1: Ball
1-1: SINGLE (Line Drive, 4MD, EV 98.1 MPH)
Batting: RHB Eddie McCoy 0-0: Ball
1-0: Ball
2-0: DOUBLE (Flyball, 89D, EV 103.1 MPH)
Chad Persaud to third
Batting: LHB Pablo Cardona 0-0: Ground out 4-3 (Groundball, 4, EV 100.0 MPH)
Chad Persaud scores
Eddie McCoy to third
Batting: RHB Mike Ball 0-0: Called Strike
0-1: Foul Ball, location: 2F
0-2: Ball
1-2: Foul Ball, location: 2F
1-2: Foul Ball, location: 2F
1-2: Ball
2-2: Fly out, F8 (Line Drive, 89D, EV 90.0 MPH)
Runner from 3rd tags up, SCORES, no throw by CF
Batting: RHB Bobby Heagle 0-0: Ball
1-0: Foul Ball, location: 2F
1-1: Swinging Strike
1-2: Strikes out swinging, 2-3 out at first.
Bottom of the 2nd over - 2 runs, 2 hits, 0 errors, 0 left on base; Gwinnett 0 - Albuquerque 2
TOP OF THE 3RD
Gwinnett Braves batting - Pitching for Albuquerque Isotopes : RHP Jason Decker
Batting: RHB Jesse Lester 0-0: Called Strike
0-1: Swinging Strike
0-2: Ball
1-2: Fly out, F9 (Flyball, 9, EV 88.1 MPH)
Batting: RHB Riley Nasiir 0-0: Ball
1-0: SINGLE (Groundball, 6MS, EV 73.1 MPH) (infield hit)
Batting: LHB Luis Cruz 0-0: Ball
1-0: Fly out, F7 (Flyball, 78D, EV 96.9 MPH)
Batting: LHB Robby Dann 0-0: Ball
1-0: Foul Ball, location: 2F
1-1: Ball
2-1: Foul Ball, location: 2F
2-2: Strikes out swinging
Top of the 3rd over - 0 runs, 1 hit, 0 errors, 1 left on base; Gwinnett 0 - Albuquerque 2
BOTTOM OF THE 3RD
Albuquerque Isotopes batting - Pitching for Gwinnett Braves : RHP Ryan Casey
Batting: SHB Mitchell Greene 0-0: Reached on error, E1 (Groundball, 15S, EV 68.8 MPH)
Batting: RHB Nick Cummings 0-0: Called Strike
0-1: Ball
1-1: Ball
2-1: Ball
Mitchell Greene is caught stealing 2nd base 2-4
3-1: Base on Balls
Batting: LHB Gabe Harvey 0-0: Fly out, F9 (Line Drive, 89S, EV 101.2 MPH)
Batting: LHB Alfredo de la Cruz 0-0: Called Strike
0-1: Called Strike
Nick Cummings steals 2nd base
0-2: Ball
1-2: Foul Ball, location: 2F
1-2: Ball
2-2: Ball
3-2: Foul Ball, location: 2F
3-2: Fly out, F7 (Flyball, 7, EV 82.5 MPH)
Bottom of the 3rd over - 0 runs, 0 hits, 1 error, 1 left on base; Gwinnett 0 - Albuquerque 2
TOP OF THE 4TH
Gwinnett Braves batting - Pitching for Albuquerque Isotopes : RHP Jason Decker
Batting: RHB Neal Tinoco 0-0: Called Strike
0-1: Ball
1-1: Ball
2-1: Ball
3-1: DOUBLE (Line Drive, 7LM, EV 95.0 MPH)
Batting: LHB Mark Buchholz 0-0: Swinging Strike
0-1: Ball
1-1: Foul Ball, location: 2F
1-2: Ball
2-2: Foul Ball, location: 2F
2-2: Foul Ball, location: 2F
2-2: Ball
3-2: SINGLE (Line Drive, 8RS, EV 95.0 MPH)
Neal Tinoco to third
Batting: RHB Jose Ramos 0-0: Called Strike
0-1: Foul Ball, location: 2F
0-2: Strikes out looking
Batting: RHB Hieronim Rutkowski 0-0: Called Strike
0-1: Ball
1-1: Ball
2-1: Ball
3-1: Base on Balls
Mark Buchholz to second
Batting: RHB John Peterson 0-0: Called Strike
0-1: Foul Ball, location: 2F
0-2: Ball
1-2: Foul Ball, location: 2F
1-2: Ball
2-2: Fly out, F6 (Popup, 4MD, EV 51.2 MPH)
Batting: RHB Jesse Lester 0-0: Foul Ball, location: 2F
0-1: Foul Ball, location: 2F
0-2: Ball
1-2: Ball
2-2: Ball
3-2: Foul Ball, location: 2F
3-2: Foul Ball, location: 2F
3-2: Foul Ball, location: 2F
3-2: Fly out, F9 (Flyball, 89D, EV 91.9 MPH)
Top of the 4th over - 0 runs, 2 hits, 0 errors, 3 left on base; Gwinnett 0 - Albuquerque 2
BOTTOM OF THE 4TH
Albuquerque Isotopes batting - Pitching for Gwinnett Braves : RHP Ryan Casey
Batting: LHB Chad Persaud 0-0: SINGLE (Groundball, 4D, EV 107.5 MPH)
Batting: RHB Eddie McCoy 0-0: Ball
Chad Persaud steals 2nd base
1-0: Foul Ball, location: 2F
1-1: Foul Ball, location: 2F
1-2: Ball
2-2: Ball
3-2: 2-RUN HOME RUN (Flyball, 7LD, EV 96.2 MPH), Distance : 331 ft
Batting: LHB Pablo Cardona 0-0: Ball
1-0: Ball
2-0: Ball
3-0: Base on Balls
Batting: RHB Mike Ball 0-0: Ball
1-0: Foul Ball, location: 2F
1-1: Swinging Strike
1-2: Ball
2-2: Ball
3-2: Foul Ball, location: 2F
3-2: Foul Ball, location: 2F
3-2: Base on Balls
Pablo Cardona to second
Batting: RHB Bobby Heagle 0-0: Ball
1-0: Ball
2-0: Ball
3-0: Called Strike
3-1: Foul Ball, location: 2F
3-2: Foul Ball, location: 2F
3-2: Base on Balls
Pablo Cardona to third
Mike Ball to second
Batting: SHB Mitchell Greene 0-0: Ball
1-0: Ball
2-0: Ball
3-0: GRAND SLAM HOME RUN (Line Drive, 9D, EV 103.8 MPH), Distance : 400 ft
Pitching: LHP Danny Frizzell
Batting: RHB Nick Cummings 0-0: Ball
1-0: Called Strike
1-1: SINGLE (Groundball, 56, EV 99.4 MPH)
Batting: LHB Gabe Harvey 0-0: Ball
Nick Cummings steals 2nd base
1-0: Called Strike
1-1: 2-RUN HOME RUN (Flyball, 89XD, EV 110.6 MPH), Distance : 421 ft
Batting: LHB Alfredo de la Cruz 0-0: Fly out, F9 (Flyball, 9, EV 75.6 MPH)
Batting: LHB Chad Persaud 0-0: SINGLE (Line Drive, 4M, EV 104.4 MPH)
Batting: RHB Eddie McCoy 0-0: Called Strike
0-1: Ground out 3-1 (Groundball, 13, EV 80.0 MPH)
Chad Persaud to second
Batting: LHB Pablo Cardona 0-0: Ball
1-0: Ball
2-0: Ball
3-0: Base on Balls
Batting: RHB Mike Ball 0-0: Ball
1-0: Ball
2-0: Ball
3-0: Foul Ball, location: 2F
3-1: Base on Balls
Chad Persaud to third
Pablo Cardona to second
Batting: RHB Bobby Heagle 0-0: Called Strike
0-1: Ball
1-1: Called Strike
1-2: DOUBLE (Line Drive, 89D, EV 105.0 MPH)
Chad Persaud scores
Pablo Cardona scores
Mike Ball to third
Runner from 3rd tries for Home, SAFE, throw by RF to trailing runner, SAFE at third!
Pitching: RHP Steve Dripps
Batting: SHB Mitchell Greene 0-0: Ball
1-0: Foul Ball, location: 2F
1-1: Swinging Strike
1-2: Foul Ball, location: 2F
1-2: Ground out 1-3 (Groundball, P, EV 70.0 MPH)
Bottom of the 4th over - 11 runs, 7 hits, 0 errors, 1 left on base; Gwinnett 0 - Albuquerque 13
TOP OF THE 5TH
Gwinnett Braves batting - Pitching for Albuquerque Isotopes : RHP Jason Decker
Batting: RHB Riley Nasiir 0-0: Ball
1-0: Swinging Strike
1-1: Foul Ball, location: 2F
1-2: Ball
2-2: Strikes out swinging
Batting: LHB Luis Cruz 0-0: Fly out, F8 (Flyball, 8RM, EV 88.8 MPH)
Batting: LHB Robby Dann 0-0: Swinging Strike
0-1: Called Strike
0-2: Ball
1-2: SINGLE (Groundball, 34D, EV 101.2 MPH) (infield hit)
Batting: RHB Neal Tinoco 0-0: Called Strike
Robby Dann is caught stealing 2nd base 2-4
Top of the 5th over - 0 runs, 1 hit, 0 errors, 0 left on base; Gwinnett 0 - Albuquerque 13
BOTTOM OF THE 5TH
Albuquerque Isotopes batting - Pitching for Gwinnett Braves : RHP Steve Dripps
Batting: RHB Nick Cummings 0-0: SINGLE (Groundball, 56S, EV 71.9 MPH) (infield hit)
Batting: LHB Gabe Harvey 0-0: Foul Ball, location: 2F
0-1: Called Strike
0-2: Ball
1-2: Ball
2-2: Fly out, F8 (Flyball, 78D, EV 96.2 MPH)
Batting: LHB Alfredo de la Cruz 0-0: Grounds into double play, 4-6-3 (Groundball, 4M, EV 85.6 MPH)
Bottom of the 5th over - 0 runs, 1 hit, 0 errors, 0 left on base; Gwinnett 0 - Albuquerque 13
TOP OF THE 6TH
Gwinnett Braves batting - Pitching for Albuquerque Isotopes : RHP Jason Decker
Batting: RHB Neal Tinoco 0-0: DOUBLE (Flyball, 8RXD, EV 100.6 MPH)
Batting: LHB Mark Buchholz 0-0: Ball
Wild Pitch!
Neal Tinoco to third
1-0: Called Strike
1-1: Foul Ball, location: 2F
1-2: Foul Ball, location: 2F
1-2: Foul Ball, location: 2F
1-2: Strikes out swinging
Batting: RHB Jose Ramos 0-0: Ball
1-0: Called Strike
1-1: DOUBLE (Flyball, 9LD, EV 93.1 MPH)
Neal Tinoco scores
Pitching: RHP Justin Judson
Batting: RHB Hieronim Rutkowski 0-0: Foul Ball, location: 2F
0-1: Called Strike
0-2: Strikes out looking
Batting: RHB John Peterson 0-0: Foul Ball, location: 2F
0-1: Ball
1-1: Fly out, F9 (Flyball, 9, EV 92.5 MPH)
Top of the 6th over - 1 run, 2 hits, 0 errors, 1 left on base; Gwinnett 1 - Albuquerque 13
BOTTOM OF THE 6TH
Albuquerque Isotopes batting - Pitching for Gwinnett Braves : RHP Steve Dripps
Batting: LHB Chad Persaud 0-0: Ball
1-0: Called Strike
1-1: DOUBLE (Flyball, 89XD, EV 96.9 MPH)
Batting: RHB Eddie McCoy 0-0: Ball
1-0: Foul Ball, location: 2F
1-1: Fly out, F8 (Flyball, 8LXD, EV 101.2 MPH)
Runner from 2nd tags up, SAFE at 3rd, no throw by CF
Batting: LHB Pablo Cardona 0-0: Ball
1-0: Called Strike
1-1: Foul Ball, location: 2F
1-2: Ball
2-2: Foul Ball, location: 2F
2-2: Foul Ball, location: 2F
2-2: SINGLE (Line Drive, 78S, EV 90.6 MPH)
Chad Persaud scores
Batting: RHB Mike Ball 0-0: Foul Ball, location: 2F
0-1: Ball
1-1: SINGLE (Line Drive, 7S, EV 100.0 MPH)
Pablo Cardona to second
Batting: RHB Bobby Heagle 0-0: Ball
1-0: Foul Ball, location: 2F
1-1: Called Strike
1-2: Ground out 4-3 (Groundball, 4MS, EV 66.2 MPH)
Pablo Cardona to third
Mike Ball to second
Batting: SHB Mitchell Greene 0-0: SINGLE (Groundball, 34D, EV 102.5 MPH)
Pablo Cardona scores
Mike Ball to third
Batting: RHB Nick Cummings 0-0: Ball
1-0: Foul Ball, location: 2F
1-1: Ball
2-1: Ball
3-1: Foul Ball, location: 2F
3-2: DOUBLE (Line Drive, 7LM, EV 107.5 MPH)
Mike Ball scores
Mitchell Greene to third
Mitchell Greene scores
Batting: LHB Gabe Harvey 0-0: Ball
1-0: Foul Ball, location: 2F
1-1: Swinging Strike
1-2: Fly out, F5 (Line Drive, 5, EV 63.8 MPH)
Bottom of the 6th over - 4 runs, 5 hits, 0 errors, 1 left on base; Gwinnett 1 - Albuquerque 17
TOP OF THE 7TH
Gwinnett Braves batting - Pitching for Albuquerque Isotopes : RHP Justin Judson
Batting: RHB Jesse Lester 0-0: DOUBLE (Line Drive, 89M, EV 100.6 MPH)
Batting: RHB Riley Nasiir 0-0: Fly out, F4 (Flyball, 34D, EV 85.6 MPH)
Batting: LHB Luis Cruz 0-0: Ground out U3 (Groundball, 3, EV 103.1 MPH)
Jesse Lester to third
Batting: LHB Robby Dann 0-0: Ball
1-0: Foul Ball, location: 2F
1-1: Ball
2-1: Called Strike
2-2: Foul Ball, location: 2F
2-2: SINGLE (Flyball, 8RS, EV 96.2 MPH)
Jesse Lester scores
Batting: RHB Neal Tinoco 0-0: Called Strike
Robby Dann steals 2nd base (no throw)
0-1: Ball
1-1: Called Strike
1-2: Strikes out swinging
Top of the 7th over - 1 run, 2 hits, 0 errors, 1 left on base; Gwinnett 2 - Albuquerque 17
BOTTOM OF THE 7TH
Albuquerque Isotopes batting - Pitching for Gwinnett Braves : RHP Steve Dripps
Batting: LHB Alfredo de la Cruz 0-0: Called Strike
0-1: Ball
1-1: Ball
2-1: Ball
3-1: Base on Balls
Batting: LHB Chad Persaud 0-0: Ball
1-0: Ball
2-0: Called Strike
2-1: Fielders Choice at 2nd, 3-6 (Groundball, 3, EV 89.4 MPH)
Batting: RHB Eddie McCoy 0-0: Foul Ball, location: 2F
0-1: Ball
1-1: Ball
2-1: Foul Ball, location: 2F
2-2: Ball
3-2: DOUBLE (Groundball, 5L, EV 108.8 MPH)
Chad Persaud to third
Chad Persaud scores
Pitching: LHP Mario Jimenez
Batting: LHB Pablo Cardona 0-0: Ball
1-0: Ball
2-0: Called Strike
2-1: Swinging Strike
2-2: Foul Ball, location: 2F
2-2: Ball
3-2: Ground out 3-1 (Groundball, 34, EV 75.6 MPH)
Eddie McCoy to third
Batting: RHB Mike Ball 0-0: Called Strike
0-1: Swinging Strike
0-2: Ball
1-2: Fly out, F9 (Line Drive, 9LM, EV 92.5 MPH)
Bottom of the 7th over - 1 run, 1 hit, 0 errors, 1 left on base; Gwinnett 2 - Albuquerque 18
TOP OF THE 8TH
Gwinnett Braves batting - Pitching for Albuquerque Isotopes : RHP Justin Judson
Pinch Hitting: SHB Eric Reeser 0-0: Ground out 4-3 (Groundball, 4, EV 83.1 MPH)
Batting: RHB Jose Ramos 0-0: Ball
1-0: Ground out 6-3 (Groundball, 6, EV 87.5 MPH)
Batting: RHB Hieronim Rutkowski 0-0: Ball
1-0: SINGLE (Groundball, 25, EV 70.6 MPH) (infield hit)
Batting: RHB John Peterson 0-0: Called Strike
0-1: Ground out 6-3 (Groundball, 6MS, EV 72.5 MPH)
Top of the 8th over - 0 runs, 1 hit, 0 errors, 1 left on base; Gwinnett 2 - Albuquerque 18
BOTTOM OF THE 8TH
Albuquerque Isotopes batting - Pitching for Gwinnett Braves : LHP Mario Jimenez
Now at 1B: Johnny Burroughs
Batting: RHB Bobby Heagle 0-0: Ball
1-0: Called Strike
1-1: Ball
2-1: Ground out U3 (Groundball, 34, EV 80.6 MPH)
Batting: SHB Mitchell Greene 0-0: Foul Ball, location: 2F
0-1: SINGLE (Line Drive, 7S, EV 103.8 MPH)
Batting: RHB Nick Cummings 0-0: Ball
1-0: Ball
2-0: Ball
3-0: Called Strike
3-1: Fielders Choice at 2nd, 6-4 (Groundball, 56, EV 102.5 MPH)
Batting: LHB Gabe Harvey 0-0: Ball
1-0: Called Strike
1-1: Ball
2-1: Ball
Passed Ball!
Nick Cummings to second
3-1: Fly out, F7 (Flyball, 7, EV 78.8 MPH)
Bottom of the 8th over - 0 runs, 1 hit, 0 errors, 1 left on base; Gwinnett 2 - Albuquerque 18
TOP OF THE 9TH
Gwinnett Braves batting - Pitching for Albuquerque Isotopes : RHP Justin Judson
Batting: RHB Jesse Lester 0-0: Foul Ball, location: 2F
0-1: Foul Ball, location: 2F
0-2: Strikes out swinging
Batting: RHB Riley Nasiir 0-0: Ball
1-0: Foul Ball, location: 2F
1-1: Called Strike
1-2: Ground out 3-1 (Groundball, 34, EV 100.6 MPH)
Batting: LHB Luis Cruz 0-0: Foul Ball, location: 2F
0-1: Called Strike
0-2: Foul Ball, location: 2F
0-2: Ball
1-2: Ball
2-2: Strikes out swinging
Top of the 9th over - 0 runs, 0 hits, 0 errors, 0 left on base; Gwinnett 2 - Albuquerque 18
Thursday, December 15th , 2022 - OOTP Baseball 23.9 Build 102